 Dungeon Crawl Stone Soup version 0.24-a0-358-g53aee78b01 (webtiles) character file.

Game seed: 7042695150874116781

77391 MisterOstroum the Sharpshooter (level 15, 0/135 HPs)
             Began as a Demonspawn Wanderer on May 24, 2019.
             Was the Champion of Hepliaklqana.
             Killed from afar by an ice dragon (43 damage)
             ... with a blast of cold
             ... on level 13 of the Dungeon on May 25, 2019.
             The game lasted 02:55:27 (23551 turns).

MisterOstroum the Sharpshooter (DsWn)              Turns: 23551, Time: 02:55:27

Health: 0/135      AC: 24    Str: 22    XL:     15   Next: 15%
Magic:  19/19      EV: 11    Int: 11    God:    Hepliaklqana [******]
Gold:   1215       SH:  0    Dex: 19    Spells: 3/14 levels left

rFire    + . .     SeeInvis .   r - +1 executioner's axe
rCold    . . .     Gourm    .   (shield currently unavailable)
rNeg     + . .     Faith    +   S - +5 ring mail of the Spider Nest {rElec rN+ MR- Str+3}
rPois    +         Spirit   .   o - +1 helmet
rElec    +         Reflect  .   O - +2 cloak
rCorr    .         Harm     .   (gloves unavailable)
MR       .....                  D - +2 pair of boots
Stlth    +.........             Q - amulet of faith
HPRegen  0.32/turn              M - ring of poison resistance
MPRegen  0.16/turn              t - +4 ring of dexterity

@: no status effects
A: reduced essence, claws 3, thin metallic scales 2, demonic guardian 2, fire
resistance 1, robust 2
a: Recall Ancestor, Ancestor Identity, Transference, Idealise, Renounce Religion


You were on level 13 of the Dungeon.
You worshipped Hepliaklqana.
Hepliaklqana was exalted by your worship.
You were not hungry.

You visited 3 branches of the dungeon, and saw 21 of its levels.

You collected 2060 gold pieces.
You spent 845 gold pieces at shops.

Inventory:

Hand Weapons
 a - a +2 battleaxe of freezing
 b - the +6 arbalest "Moakhi" {elec, rC+ Int+4}
   (You found it on level 1 of the Lair of Beasts)

   It charges the ammunition it shoots with electricity; occasionally upon a
   hit, such missiles may discharge and cause terrible harm.
   It affects your intelligence (+4).
   It protects you from cold.
 r - a +1 executioner's axe (weapon)
Missiles
 c - 58 bolts
 p - 50 stones (quivered)
 A - 48 boomerangs
Armour
 o - a +1 helmet (worn)
 D - a +2 pair of boots (worn)
 O - a +2 cloak (worn)
 S - the +5 ring mail of the Spider Nest (worn) {rElec rN+ MR- Str+3}
   (You found it on level 1 of the Lair of Beasts)

   It affects your strength (+3).
   It insulates you from electricity.
   It protects you from negative energy.
   It affects your resistance to hostile enchantments.
Jewellery
 i - an uncursed ring of protection from cold
 t - a +4 ring of dexterity (right claw)
 H - an uncursed ring of stealth
 M - a ring of poison resistance (left claw)
 Q - an amulet of faith (around neck)
 R - an uncursed ring of flight
Wands
 j - a wand of random effects (28)
 q - a wand of acid (12)
 y - a wand of enslavement (34)
 E - a wand of paralysis (17)
 G - a wand of iceblast (9)
 I - a wand of digging (5)
 K - a wand of scattershot (5)
 N - a wand of polymorph (14)
 Z - a wand of disintegration (11)
Scrolls
 d - 9 scrolls of teleportation {@r3 !r}
 h - 3 scrolls of fog {!r}
 l - 4 scrolls of remove curse {@r2}
 m - 3 scrolls of immolation
 w - 2 scrolls of magic mapping {@r5 !r}
 z - 4 scrolls of blinking {@r4}
Potions
 f - a potion of agility {@q5 !q}
 g - a potion of resistance
 n - 3 potions of invisibility
 s - a potion of haste {@q4 !q}
 u - 4 potions of curing {@q1 !q}
 v - 7 potions of mutation
 x - a potion of brilliance
 B - 2 potions of cancellation
 C - 3 potions of lignification {@q6}
 F - 2 potions of ambrosia
 J - a potion of heal wounds {@q2 !q}
 P - 2 potions of flight
Miscellaneous
 T - a fan of gales
 U - a lightning rod (4/4)
Comestibles
 e - 54 rations
 k - a chunk of flesh


   Skills:
 - Level 13.0 Fighting
   Level 1.7 Short Blades
 - Level 6.4 Axes
 + Level 17.0 Crossbows
 - Level 10.0 Armour
 - Level 1.0 Dodging
 - Level 1.0 Stealth
   Level 4.1 Shields
 - Level 6.0 Invocations


You had 3 spell levels left.
You knew the following spells:

 Your Spells              Type           Power        Failure   Level  Hunger
a - Portal Projectile     Hex/Tloc       #.....       83%         3    ####...
b - Blink                 Tloc           N/A          61%         2    ###....
c - Cause Fear            Hex            #.........   99%         4    #####..
d - Slow                  Hex            #.......     61%         2    ###....

Your spell library contained the following spells:

 Spells                   Type           Power        Failure   Level  Hunger
 Animate Skeleton         Necr           N/A          45%         1    ##.....
 Corona                   Hex            #......      45%         1    ##.....
 Infusion                 Chrm           #...         45%         1    ##.....
 Magic Dart               Conj           #...         45%         1    ##.....
 Pain                     Necr           #...         45%         1    ##.....
 Summon Small Mammal      Summ           #...         45%         1    ##.....
 Call Imp                 Summ           #.......     61%         2    ###....
 Passwall                 Tmut/Erth      #.......     61%         2    ###....
 Searing Ray              Conj           #.....       61%         2    ###....
 Shroud of Golubria       Chrm/Tloc      #.........   61%         2    ###....
 Song of Slaying          Chrm           #.......     61%         2    ###....
 Call Canine Familiar     Summ           #.......     83%         3    ####...
 Conjure Flame            Conj/Fire      #.......     83%         3    ####...
 Dazzling Spray           Conj/Hex       #.....       83%         3    ####...
 Gell's Gravitas          Tloc           #.........   83%         3    ####...
 Inner Flame              Hex/Fire       #.......     83%         3    ####...
 Mephitic Cloud           Conj/Pois/Air  #.......     83%         3    ####...
 Regeneration             Chrm/Necr      #.........   83%         3    ####...
 Spectral Weapon          Hex/Chrm       #.......     83%         3    ####...
 Summon Guardian Golem    Hex/Summ       #.......     83%         3    ####...
 Teleport Other           Tloc           #.......     83%         3    ####...
 Vampiric Draining        Necr           #.........   83%         3    ####...
 Animate Dead             Necr           N/A          99%         4    #####..
 Force Lance              Conj/Tloc      #.......     99%         4    #####..
 Fulminant Prism          Conj/Hex       #.........   99%         4    #####..
 Iskenderun's Mystic Bla  Conj           #.......     99%         4    #####..
 Leda's Liquefaction      Hex/Erth       #.........   99%         4    #####..
 Passage of Golubria      Tloc           N/A          99%         4    #####..
 Summon Ice Beast         Ice/Summ       #.......     99%         4    #####..
 Summon Lightning Spire   Summ/Air       #.......     99%         4    #####..
 Irradiate                Conj/Tmut      #.........   100%        5    ######.
 Metabolic Englaciation   Hex/Ice        #.........   100%        5    ######.
 Deflect Missiles         Chrm/Air       #.........   100%        6    #######
 Dispersal                Tloc           #.........   100%        6    #######
 Hydra Form               Tmut           #.........   100%        6    #######
 Statue Form              Tmut/Erth      #........    100%        6    #######
 Dragon Form              Tmut           #.........   100%        7    #######
 Controlled Blink         Tloc           N/A          100%        8    #######
 Disjunction              Tloc           #.........   100%        8    #######


Dungeon Overview and Level Annotations

Branches:
Dungeon (13/15)            Temple (0/1) D:5            Lair (6/6) D:10
  Swamp (0/4) Lair:4        Snake (0/4) Lair:4        Slime (0/5) Lair:5
    Orc (2/2) D:9             Elf (0/3) Orc:2
 Vaults: D:13-14

Altars:
Ashenzari
Gozag
Hepliaklqana
Kikubaaqudgha
Okawaru
Qazlal
Ru
Sif Muna
Trog
Uskayaw
Vehumet
Xom
Yredelemnul
The Shining One
Jiyva

Shops:
D:5 *   Orc:1 [   Orc:2 =:(:

Annotations:
D:7 2 transporters
Lair:2 exclusion: 4 oklob plants
Lair:4 2 transporters, lilly's ghost, journeyman MiMo
Orc:1 3 runed translucent doors, Cohott's ghost, journeyman GnEE; Majitt's ghost, journeyman FoFi; P0WERM0DE's ghost, journeyman DDFi; Waipof's ghost, novice DsNe; ssgaztpd's ghost, journeyman TrBe


Innate Abilities, Weirdness & Mutations

You have claws for hands.
You are mostly covered in thin metallic scales. (AC +3)
A demonic guardian rushes to your aid.
Your flesh is heat resistant. (rF+)
You are very robust. (+20% HP)
Your life essence is reduced to manifest your ancestor. (-10% HP)


Message History

The polar bear is moderately wounded.
The polar bear bites you. The polar bear misses you. x2
Firing (i - inventory. (/) - cycle)
c - 69 bolts (quivered)
Press: ? - help, Shift-Dir - straight line, f/p - polar bear
Aim: a polar bear (moderately wounded)
You shoot a bolt. The bolt hits the polar bear!
The polar bear is severely wounded.
The polar bear bites you but does no damage.
The polar bear completely misses you.
The polar bear claws you but does no damage.
Firing (i - inventory. (/) - cycle)
c - 68 bolts (quivered)
Press: ? - help, Shift-Dir - straight line, f/p - polar bear
Aim: a polar bear (severely wounded)
You shoot a bolt. The bolt hits the polar bear!!
Lightning courses through the polar bear!
You kill the polar bear!
Your Crossbows skill increases to level 17!
The ice dragon breathes frost at you. The blast of cold hits you!! You resist.
Firing (i - inventory. (/) - cycle)
c - 67 bolts (quivered)
Press: ? - help, Shift-Dir - straight line, f - ice dragon
Aim: an ice dragon (catching its breath)
You shoot a bolt. The bolt barely misses the ice dragon.
Firing (i - inventory. (/) - cycle)
c - 66 bolts (quivered)
Press: ? - help, Shift-Dir - straight line, f/p - ice dragon
Aim: an ice dragon You shoot a bolt.
The bolt hits the ice dragon.
The ice dragon is lightly wounded.
The ice dragon bites you but does no damage.
The ice dragon claws you. The ice dragon tramples you.
You hold your ground!
Firing (i - inventory. (/) - cycle)
c - 65 bolts (quivered)
Press: ? - help, Shift-Dir - straight line, f/p - ice dragon
Aim: an ice dragon (lightly wounded)
You shoot a bolt. The bolt hits the ice dragon!!
The ice dragon is moderately wounded.
Your orange demon disappears in a puff of smoke!
The ice dragon breathes frost at you. The blast of cold misses you.
Firing (i - inventory. (/) - cycle)
c - 64 bolts (quivered)
Press: ? - help, Shift-Dir - straight line, f/p - ice dragon
Aim: an ice dragon (moderately wounded, catching its breath)
You shoot a bolt.
The bolt hits the ice dragon but does no damage.
The ice dragon is moderately wounded.
The ice dragon bites you but does no damage.
The ice dragon claws you but does no damage.
The ice dragon tramples you!
You hold your ground!
You are too injured to fight recklessly!
Firing (i - inventory. (/) - cycle)
c - 63 bolts (quivered)
Press: ? - help, Shift-Dir - straight line, f/p - ice dragon
Aim: an ice dragon (moderately wounded, catching its breath)
You shoot a bolt.
The bolt hits the ice dragon but does no damage.
The ice dragon is moderately wounded.
The ice dragon barely misses you.
The ice dragon claws you but does no damage.
The ice dragon barely misses you.
Firing (i - inventory. (/) - cycle)
c - 62 bolts (quivered)
Press: ? - help, Shift-Dir - straight line, f/p - ice dragon
Aim: an ice dragon (moderately wounded)
You shoot a bolt. The bolt hits the ice dragon!!
The ice dragon is heavily wounded.
The ice dragon barely misses you. The ice dragon closely misses you. x2
Firing (i - inventory. (/) - cycle)
c - 61 bolts (quivered)
Press: ? - help, Shift-Dir - straight line, f/p - ice dragon
Aim: an ice dragon (heavily wounded)
You shoot a bolt. The bolt hits the ice dragon!
Lightning courses through the ice dragon!
The ice dragon is severely wounded.
The ice dragon bites you. The ice dragon claws you!
The ice dragon tramples you!
You hold your ground!
Firing (i - inventory. (/) - cycle)
c - 60 bolts (quivered)
Press: ? - help, Shift-Dir - straight line, f/p - ice dragon
Aim: an ice dragon (severely wounded)
You shoot a bolt. The bolt hits the ice dragon.
Lightning courses through the ice dragon!
The ice dragon is almost dead.
The ice dragon breathes frost at you. The blast of cold misses you.
Firing (i - inventory. (/) - cycle)
c - 59 bolts (quivered)
Press: ? - help, Shift-Dir - straight line, f/p - ice dragon
Aim: an ice dragon (almost dead, catching its breath)
You shoot a bolt. The bolt hits the ice dragon!
The ice dragon is almost dead.
The ice dragon bites you! The ice dragon claws you.
The ice dragon tramples you.
You hold your ground!
You swap places.
Something misses Narrator.
Something claws Narrator.
Something tramples Narrator!
Narrator holds his ground!
Something barely misses Narrator. x3
Something bites Narrator!
Something claws Narrator!
Something tramples Narrator but does no damage.
Narrator casts a spell at the ice dragon.
The ice dragon easily resists.
Some of the chunks of flesh in your inventory have rotted away.
Wield which item (- for none, * to show all)? (? for menu, Esc to quit)
The +6 arbalest "Moakhi" {elec, rC+ Int+4} stops crackling.
r - a +1 executioner's axe (weapon)
The ice dragon breathes frost at Narrator.
The blast of cold misses Narrator.
The blast of cold hits you!!!
You die...

.........# ..
#.....§.##....
.........# ..
#....#§§.#....
....8....# .##
####..#§#.....
.........# .(
#.........#
....)....# .#
#.......#.#
........[# ##(#
#########.#
.........# #D##
#.#
.........######R##
#.#
............####@#
#.#
###########......#
#.# ######## #..
###


You could see the friendly Narrator the hexer and an ice dragon.

Vanquished Creatures
  Rupert (D:13)
  2 orc warlords
  2 dire elephants (Lair:6)
  An ettin (Orc:1)
  3 hydras
  8 two-headed ogres
  4 ogre magi
  An anaconda (Lair:6)
  4 death yaks (Lair:4)
  Urug (D:13)
  An unseen horror (D:13)
  3 orc knights
  3 orc sorcerers
  A deep elf mage (D:12)
  An ugly thing (D:11)
  A cyclops (D:11)
  A manticore (D:11)
  5 elephants
  5 black mambas
  A centaur skeleton (D:12)
  5 komodo dragons
  7 spiny frogs
  2 rime drakes
  Grinder (D:3)
  3 hornets
  A queen bee (Lair:3)
  5 trolls
  13 blink frogs
  6 slime creatures
  8 polar bears (D:13)
  9 hippogriffs
  2 bog bodies (Lair:4)
  A centaur simulacrum (D:13)
  A water elemental (D:13)
  A hungry ghost (D:9)
  2 basilisks
  30 yaks
  A steam dragon (D:11)
  A vampire mosquito (D:13)
  Menkaure (D:7)
  6 wargs
  3 soldier ants
  13 water moccasins
  3 nagas (Lair:4)
  26 orc warriors
  4 porcupines
  Duvessa (D:6)
  A hornet zombie (D:12)
  4 ice beasts
  3 sky beasts
  A meliai simulacrum (D:13)
  24 ogres
  3 necrophages
  An eye of draining (D:13)
  4 phantoms
  10 crocodiles
  3 wolves (D:13)
  3 centaurs
  A big kobold (D:6)
  11 bullfrogs
  A gnoll sergeant (D:13)
  A wyvern zombie (D:12)
  Dowan (D:6)
  A wyvern skeleton (D:12)
  2 hexers (Orc:2)
  A scorpion (D:10)
  17 killer bees
  5 howler monkeys
  10 wights
  12 electric eels
  A bullfrog zombie (D:4)
  3 crimson imps
  A hound (shapeshifter) (D:13)
  A quasit (D:9)
  2 centaur zombies
  A jelly (D:9)
  15 orc priests
  6 hounds
  15 orc wizards
  2 bullfrog skeletons
  An iguana (D:8)
  Jessica (D:3)
  A statue (D:8)
  4 worker ants
  A worker ant zombie (D:7)
  6 adders
  2 gnolls (D:13)
  3 shadow imps
  6 white imps (D:13)
  An ooze (D:3)
  An adder skeleton (D:6)
  A worm (D:12)
  4 dart slugs
  3 leopard geckos
  77 orcs
  3 giant cockroaches
  13 goblins
  5 hobgoblins
  9 jackals
  9 quokkas
  8 bats
  10 frilled lizards
  A jackal skeleton (D:6)
  6 kobolds
  A leopard gecko skeleton (D:5)
  6 rats
  3 plants
558 creatures vanquished.

Vanquished Creatures (collateral kills)
  3 dire elephants (Lair:6)
  A fire dragon (Lair:1)
  Harold (D:7)
  A hydra (Lair:1)
  A catoblepas (Lair:6)
  6 two-headed ogres
  2 death yaks (Lair:4)
  Pikel (D:5)
  A centaur zombie (D:13)
  5 elephants
  Maurice (D:8)
  2 black mambas
  3 spiny frogs
  A komodo dragon (Lair:3)
  2 trolls
  2 hippogriffs
  A slime creature (D:12)
  6 blink frogs
  2 basilisks
  A water elemental (D:13)
  A wyvern (Lair:1)
  Sigmund (D:3)
  10 yaks
  A vampire mosquito (D:13)
  2 wargs (D:10)
  5 water moccasins
  2 porcupines
  6 orc warriors
  2 slaves (D:5)
  3 black bears
  An ice beast (D:6)
  A necrophage (D:6)
  A centaur (D:6)
  5 ogres (Orc:2)
  A sky beast (D:6)
  A wolf (D:13)
  3 crocodiles
  5 bullfrogs
  A scorpion (D:6)
  11 killer bees (Lair:3)
  2 wights (D:11)
  3 hounds
  8 orc priests
  2 quasits
  10 orc wizards
  2 iguanas
  A worker ant (D:7)
  Robin (D:2)
  A gnoll (D:13)
  An adder (D:8)
  2 shadow imps
  A worm (D:3)
  A leopard gecko (D:6)
  15 orcs
  A goblin (D:2)
  A hobgoblin (D:2)
  4 jackals
  A kobold (D:7)
  A ball python (D:3)
  4 plants
168 creatures vanquished.

Vanquished Creatures (others)
  21 hexers
  2 ancestors
  A bush (Lair:3)
  13 fungi
  9 plants
46 creatures vanquished.

Grand Total: 772 creatures vanquished

Notes
Turn   | Place    | Note
-------+----------+-------------------------------------------
     0 | D:1      | MisterOstroum the Demonspawn Wanderer began the quest for
                  | the Orb.
     0 | D:1      | MisterOstroum set off with the following items: a +0 hand
                  | crossbow, a +0 shield, 22 bolts, a scroll of teleportation
                  | {@r3 !r}, a ration, a +0 robe
     0 | D:1      | Reached XP level 1. HP: 15/15 MP: 1/1
   282 | D:1      | Reached skill level 1 in Crossbows
   282 | D:1      | Gained mutation: A weak demonic guardian rushes to your
                  | aid. [demonic ancestry]
   282 | D:1      | Reached XP level 2. HP: 21/21 MP: 2/2
  1138 | D:2      | Reached XP level 3. HP: 15/27 MP: 3/3
  1314 | D:2      | Found a bloodstained altar of Trog.
  1510 | D:2      | Found a glowing golden altar of the Shining One.
  2020 | D:2      | Found a hazy altar of Hepliaklqana.
  2024 | D:2      | Became a worshipper of Hepliaklqana the Forgotten
  2062 | D:2      | Noticed Robin
  2082 | D:2      | Gained mutation: You are partially covered in thin metallic
                  | scales. (AC +2) [demonic ancestry]
  2082 | D:2      | Reached XP level 4. HP: 30/30 MP: 2/4
  2107 | D:2      | Killed Robin
  2107 | D:2      | Reached skill level 2 in Crossbows
  2391 | D:3      | Noticed Grinder
  2532 | D:3      | Killed Grinder
  2532 | D:3      | Reached skill level 3 in Crossbows
  2532 | D:3      | Gained mutation: A demonic guardian rushes to your aid.
                  | [demonic ancestry]
  2532 | D:3      | Reached XP level 5. HP: 29/37 MP: 5/5
  2532 | D:3      | Gained mutation: You are robust. (+10% HP) [demonic
                  | ancestry]
  2532 | D:3      | Reached XP level 6. HP: 29/48 MP: 6/6
  2813 | D:3      | Noticed Jessica
  2814 | D:3      | Killed Jessica
  2947 | D:3      | Noticed Sigmund
  2966 | D:3      | Killed Sigmund
  2966 | D:3      | Gained mutation: You are very robust. (+20% HP) [demonic
                  | ancestry]
  2966 | D:3      | Reached XP level 7. HP: 27/60 MP: 7/7
  3195 | D:3      | Found an opulent altar of Gozag.
  3243 | D:4      | Reached skill level 4 in Crossbows
  3447 | D:4      | Got a steaming whip
  3450 | D:4      | Identified the cursed +0 whip of Outrage {freeze, rF- Int+7
                  | SInv} (You found it on level 4 of the Dungeon)
  3589 | D:4      | Reached skill level 5 in Fighting
  3650 | D:4      | Reached * piety under Hepliaklqana
  4025 | D:5      | Entered Level 5 of the Dungeon
  4064 | D:5      | Found an ancient bone altar of Kikubaaqudgha.
  4295 | D:5      | Found a shattered altar of Ashenzari.
  4395 | D:5      | Found Gybiokhlahiy's Assorted Antiques.
  4395 | D:5      | Noticed Pikel
  4415 | D:5      | Killed Pikel
  4415 | D:5      | Reached skill level 5 in Crossbows
  4415 | D:5      | Reached XP level 8. HP: 49/70 MP: 8/8
  4570 | D:5      | Found a deep blue altar of Sif Muna.
  4571 | D:5      | Found an iron altar of Okawaru.
  4595 | D:5      | Found a staircase to the Ecumenical Temple.
  4652 | D:5      | Reached ** piety under Hepliaklqana
  4916 | D:6      | Noticed Duvessa
  4917 | D:6      | Noticed Dowan
  4931 | D:6      | Killed Duvessa
  4935 | D:6      | Killed Dowan
  4941 | D:6      | Reached skill level 6 in Crossbows
  4951 | D:6      | Upgraded the game from 0.24-a0-355-gbe4061de67 to
                  | 0.24-a0-358-g53aee78b01
  5156 | D:6      | Found a shimmering altar of Xom.
  5239 | D:6      | Remembered your ancestor Narrator as a hexer
  5398 | D:6      | Gained mutation: You are mostly covered in thin metallic
                  | scales. (AC +3) [demonic ancestry]
  5398 | D:6      | Reached XP level 9. HP: 79/79 MP: 9/9
  5522 | D:6      | Reached skill level 7 in Crossbows
  5860 | D:7      | Found a transporter.
  5952 | D:7      | Found a transporter.
  5970 | D:7      | Noticed Menkaure
  5978 | D:7      | Killed Menkaure
  6100 | D:7      | Reached *** piety under Hepliaklqana
  6174 | D:7      | Found a basalt altar of Yredelemnul.
  6279 | D:7      | Noticed Harold
  6301 | D:7      | Killed Harold
  6301 | D:7      | Reached skill level 8 in Crossbows
  6585 | D:8      | Noticed a two-headed ogre
  6589 | D:8      | Killed a two-headed ogre
  6589 | D:8      | Reached skill level 9 in Crossbows
  6639 | D:8      | Noticed Maurice
  6651 | D:8      | Killed Maurice
  6657 | D:8      | Gained mutation: You have sharp fingernails. [demonic
                  | ancestry]
  6657 | D:8      | Reached XP level 10. HP: 71/90 MP: 10/10
  6789 | D:8      | Found a hide-covered altar of Uskayaw.
  7676 | D:8      | Noticed a two-headed ogre
  7681 | D:8      | Killed a two-headed ogre
  7681 | D:8      | Reached skill level 10 in Crossbows
  7683 | D:8      | Found a sacrificial altar of Ru.
  8141 | D:8      | Found a radiant altar of Vehumet.
  8256 | D:8      | Reached **** piety under Hepliaklqana
  8331 | D:8      | Reached skill level 1 in Invocations
  8443 | D:9      | Found a staircase to the Orcish Mines.
  8669 | D:9      | Reached skill level 1 in Armour
  8850 | D:9      | Noticed a two-headed ogre
  8856 | D:9      | Killed a two-headed ogre
  8856 | D:9      | Reached skill level 10 in Fighting
  8932 | D:9      | Found a stormy altar of Qazlal.
  9256 | D:10     | Entered Level 10 of the Dungeon
  9266 | D:9      | Reached skill level 5 in Axes
  9783 | D:10     | Found a staircase to the Lair.
  9864 | D:10     | Gained mutation: Your flesh is heat resistant. (rF+)
                  | [demonic ancestry]
  9864 | D:10     | Reached XP level 11. HP: 100/100 MP: 14/14
 10193 | Lair:1   | Entered Level 1 of the Lair of Beasts
 10363 | Lair:1   | Noticed a seven-headed hydra
 10371 | Lair:1   | Killed a seven-headed hydra
 10371 | Lair:1   | Reached skill level 5 in Invocations
 10478 | Lair:1   | Noticed an eight-headed hydra
 10509 | Lair:1   | Killed a nine-headed hydra
 11170 | Lair:1   | Reached ***** piety under Hepliaklqana
 11213 | Lair:1   | Noticed a fire dragon
 11227 | Lair:1   | Killed a fire dragon
 11331 | Lair:1   | Got a polished ring mail
 11340 | Lair:1   | Got a slimy arbalest
 11346 | Lair:1   | Identified the +6 arbalest "Moakhi" {elec, rC+ Int+4} (You
                  | found it on level 1 of the Lair of Beasts)
 11490 | Lair:2   | Got a jewelled leather armour
 11502 | Lair:2   | Identified the +5 ring mail of the Spider Nest {rElec rN+
                  | MR- Str+3} (You found it on level 1 of the Lair of Beasts)
 11512 | Lair:2   | Identified the +2 leather armour "Zargh" {+Inv rElec rPois
                  | Regen+} (You found it on level 2 of the Lair of Beasts)
 11748 | Lair:2   | Noticed an oklob plant
 11748 | Lair:2   | Noticed an oklob plant
 11752 | Lair:2   | Noticed an oklob plant
 11753 | Lair:2   | Noticed an oklob plant
 11755 | Lair:2   | Found the +10 zealot's sword {holy, *Rage rN+ EV+3}
 11994 | Lair:2   | Reached skill level 5 in Armour
 12930 | Lair:3   | Reached XP level 12. HP: 90/110 MP: 16/16
 14009 | Lair:4   | Reached skill level 11 in Crossbows
 14097 | Lair:4   | Identified the +1 trident of the Sage {pierce, rF+ rC+
                  | Stlth+}
 14111 | Lair:4   | Found a staircase to the Snake Pit.
 14196 | Lair:4   | Found a staircase to the Swamp.
 14235 | Lair:4   | Found a bloodstained altar of Trog.
 14235 | Lair:4   | Noticed lilly's ghost (journeyman MiMo)
 14245 | Lair:4   | Found a transporter.
 14247 | Lair:4   | Identified the +11 spear of Gymocec {freeze, rF+}
 14254 | Lair:4   | Found a transporter.
 14282 | Lair:4   | Noticed a death yak
 14283 | Lair:4   | Noticed a death yak
 14283 | Lair:4   | Noticed a death yak
 14284 | Lair:4   | Noticed a death yak
 14292 | Lair:4   | Noticed a death yak
 14294 | Lair:4   | Killed a death yak
 14299 | Lair:4   | Noticed a death yak
 14305 | Lair:4   | Killed a death yak
 14308 | Lair:4   | Killed a death yak
 14313 | Lair:4   | Killed a death yak
 14326 | Lair:4   | Killed a death yak
 14350 | Lair:4   | Killed a death yak
 15215 | Lair:4   | Gained mutation: You have very sharp fingernails. [demonic
                  | ancestry]
 15215 | Lair:4   | Reached XP level 13. HP: 88/119 MP: 17/17
 15342 | Lair:5   | Identified the Papyrus of Lucky Bewitchment
 15359 | Lair:5   | Reached ****** piety under Hepliaklqana
 15532 | Lair:5   | Reached skill level 12 in Crossbows
 15671 | Lair:5   | Found a viscous altar of Jiyva.
 15672 | Lair:5   | Found a staircase to the Slime Pits.
 15809 | Lair:6   | Entered Level 6 of the Lair of Beasts
 17136 | Lair:6   | Noticed a dire elephant
 17136 | Lair:6   | Noticed a dire elephant
 17147 | Lair:6   | Killed a dire elephant
 17151 | Lair:6   | Noticed a dire elephant
 17321 | Lair:6   | Noticed a dire elephant
 17331 | Lair:6   | Killed a dire elephant
 17405 | Lair:6   | Killed a dire elephant
 17413 | Lair:6   | Killed a dire elephant
 17413 | Lair:6   | Reached skill level 13 in Crossbows
 17496 | Lair:6   | Identified the Catalogue of the Compass and the Mountains
 17826 | Lair:6   | Noticed a dire elephant
 17832 | Lair:6   | Killed a dire elephant
 18144 | D:11     | Reached skill level 10 in Armour
 18738 | Orc:1    | Entered Level 1 of the Orcish Mines
 18808 | Orc:1    | Found Siextihi's Antique Armour Shoppe.
 18824 | Orc:1    | Bought a pair of bloodstained gloves for 285 gold pieces
 18834 | Orc:1    | Identified the cursed +0 pair of gloves "Mumm" {SInv} (You
                  | bought it in a shop on level 1 of the Orcish Mines)
 18846 | Orc:1    | Found a runed translucent gate.
 18846 | Orc:1    | Found a runed translucent gate.
 18846 | Orc:1    | Found a runed translucent gate.
 18863 | Orc:1    | Noticed P0WERM0DE's ghost (journeyman DDFi)
 18905 | Orc:1    | Noticed Majitt's ghost (journeyman FoFi)
 18905 | Orc:1    | Noticed ssgaztpd's ghost (journeyman TrBe)
 18905 | Orc:1    | Noticed Cohott's ghost (journeyman GnEE)
 18906 | Orc:1    | Noticed Waipof's ghost (novice DsNe)
 18933 | Orc:1    | Gained mutation: You have claws for hands. [demonic
                  | ancestry]
 18933 | Orc:1    | Reached XP level 14. HP: 129/129 MP: 18/18
 19004 | Orc:1    | Reached skill level 14 in Crossbows
 19341 | Orc:2    | Entered Level 2 of the Orcish Mines
 19724 | Orc:2    | Paralysed by an ogre mage for 4 turns
 19732 | Orc:2    | Reached skill level 15 in Crossbows
 19798 | Orc:2    | Noticed an orc warlord
 19805 | Orc:2    | Killed an orc warlord
 19905 | Orc:2    | Found Winkyust's Jewellery Shoppe.
 19905 | Orc:2    | Found Toemisehy's Weapon Boutique.
 19905 | Orc:2    | Found Lineur's Book Boutique.
 19905 | Orc:2    | Found Ruchi's Book Emporium.
 19936 | Orc:2    | Noticed an orc warlord
 20234 | Orc:1    | Killed an orc warlord
 20785 | Orc:2    | Bought a book of Debilitation for 560 gold pieces
 20789 | Orc:2    | Learned a level 3 spell: Portal Projectile
 20792 | Orc:2    | Learned a level 2 spell: Blink
 20797 | Orc:2    | Learned a level 4 spell: Cause Fear
 20800 | Orc:2    | Learned a level 2 spell: Slow
 21129 | Orc:2    | Found a staircase to the Elven Halls.
 21709 | D:12     | Reached skill level 16 in Crossbows
 22424 | D:13     | Noticed Rupert
 22430 | D:13     | Killed Rupert
 22754 | D:13     | Noticed Urug
 22762 | D:13     | Killed Urug
 22762 | D:13     | Reached XP level 15. HP: 118/135 MP: 19/19
 23537 | D:13     | Reached skill level 17 in Crossbows
 23551 | D:13     | Killed from afar by an ice dragon

Levels and vault maps discovered:
D:1:      nzn_arrival_crosshair, layout_basic, chequers_serial_rivers_small_3
D:2:      layout_basic, tso_altar, lightli_temple_of_fire, marbit_many_paths,
          grunt_ministairs_2, uniq_robin
D:3:      layout_basic, lemuel_coloured_pillars_altar, uniq_grinder,
          uniq_sigmund, uniq_jessica
D:4:      layout_gridville, chequers_jeans
D:5:      layout_rooms, lemuel_round_altar, ashenzari_conservatory_becter,
          minitemple, minmay_temple_entry_statues_pillars, serial_shops,
          nicolae_shop_overgrown_old_shop, first_ration, skrybe_limestone_x,
          uniq_pikel
D:6:      minmay_diamond_boxcup, layout_loops_ring,
          nicolae_overflow_hidden_temple, basic_altar, uniq_duvessa
D:7:      gammafunk_steamed_eel, layout_basic, yredelemnul_altar_generic,
          uniq_harold, uniq_menkaure
D:8:      cheibrodos_two_vegetables, layout_gridville, vehumet_statue,
          kennysheep_mini, eat_drink_and_be_merry_uskayaw, uniq_maurice
D:9:      layout_roguey, nicolae_qazlal_style_of_elements, orc_david_3
D:10:     layout_basic, erik_lair_orcish_takeover
D:11:     layout_roguey
D:12:     layout_stronghold, hangedman_pestilent_swarm
D:13:     layout_basic, serial_ice, serial_ice_f, serial_ice_e, serial_ice_h,
          serial_ice_b, serial_ice_l, serial_ice_o, serial_ice_n, serial_ice_a,
          serial_ice_d, serial_ice_g, portal_ice_cave_entry_animals_and_master,
          uniq_rupert, uniq_urug
Lair:1:   dragon1_lemuel, layout_gridlike, hibernation_bobbens
Lair:2:   layout_loops_ring, serial_bayou, serial_bayou_shore_a,
          serial_bayou_pond_b, serial_bayou_pond_a, serial_bayou_lake_a,
          serial_bayou_shore_b, serial_bayou_pond_d, minmay_lair_oklob_chamber,
          lemuel_fruit_tree
Lair:3:   layout_roguey [special_room_bee], wad_woods_road_05
Lair:4:   layout_cave_pods, skrybe_swamp_entry_bodies,
          guppyfry_snake_entry_garden, gammafunk_ghost_wrathful_warriors,
          chequers_serial_rivers_marsh, serial_bayou_pond_e
Lair:5:   layout_long_grid, dpeg_slime_entry_enclosed_altar
Lair:6:   due_jungle_book, layout_regular_city, chequers_serial_rivers_large_a,
          grunt_megastairs_3, infiniplex_staircase_pool
Orc:1:    layout_caves, serial_shops, shop, gammafunk_ghost_cemetery
Orc:2:    st_orc_ogre_mass, layout_caves, mines_bat_river

Skill      XL: |  1  2  3  4  5  6  7  8  9 10 11 12 13 14 15 |
---------------+----------------------------------------------+-----
Crossbows      | 1 3 5 6 9 10 11 13 16 17 | 17.0
Fighting       | 2 3 4 6 7 8 10 11 12 13 | 13.0
Shields        | 2 3 4 |  4.1
Axes           | 3 4 5 6 |  6.4
Invocations    | 4 6 |  6.0
Armour         | 2 5 8 10 | 10.0
Short Blades   | |  1.7
Dodging        | |  1.0
Stealth        | |  1.0

Action                   |  1- 3 |  4- 6 |  7- 9 | 10-12 | 13-15 || total
-------------------------+-------+-------+-------+-------+-------++-------
Melee: Dagger            |    48 |    36 |       |       |       ||    84
       Hand axe          |       |     4 |    76 |    15 |       ||    95
       War axe           |       |       |       |    48 |       ||    48
       Battleaxe         |       |       |       |    35 |    48 ||    83
       Executioner's axe |       |       |       |       |    14 ||    14
       Arbalest          |       |       |       |       |     2 ||     2
 Fire: Hand crossbow     |    89 |    48 |   155 |   314 |       ||   606
       Arbalest          |       |       |       |   248 |   711 ||   959
Throw: Dart              |     2 |     1 |     3 |       |       ||     6
       Stone             |       |       |     1 |     8 |     2 ||    11
       Boomerang         |       |       |       |       |     1 ||     1
Invok: Recall Ancestor   |     1 |       |       |       |     5 ||     6
       Ancestor Identity |     1 |       |       |       |       ||     1
       Ancestor Life: He |       |       |     1 |       |       ||     1
       Transference      |       |       |       |     1 |     1 ||     2
Evoke: Wand              |       |       |       |       |     3 ||     3
  Use: Potion            |     4 |       |       |     2 |     7 ||    13
       Scroll            |       |       |     4 |    19 |    10 ||    33
 Stab: Distracted        |       |       |     2 |       |     1 ||     3
       Confused          |       |       |     1 |       |       ||     1
  Eat: Chunk             |     3 |     3 |     8 |    23 |    19 ||    56
       Ration            |       |       |     1 |     2 |     2 ||     5
Armor: Ring mail         |    19 |    30 |    70 |    59 |   145 ||   323
       Leather armour    |       |       |       |   109 |    43 ||   152
Dodge: Dodged            |    37 |    28 |    61 |   203 |   176 ||   505
Block: Buckler           |       |       |    45 |    55 |       ||   100

Table legend:
 A = Non-vault XP
 B = Vault XP
 C = Vault XP percentage of total XP
 D = Non-vault monster count
 E = Vault monster count
 F = Vault count percentage of total count
                 A         B        C        D         E       F
            +---------+---------+-------+---------+---------+-------
      Total |   75591 |   34968 |  31.6 |     536 |     179 |  25.0
            +---------+---------+-------+---------+---------+-------
        D:1 |      32 |       0 |   0.0 |      17 |       0 |   0.0
        D:2 |      56 |      39 |  41.1 |      25 |      13 |  34.2
        D:3 |     184 |     515 |  73.7 |      21 |       3 |  12.5
        D:4 |     291 |       0 |   0.0 |      18 |       0 |   0.0
        D:5 |     279 |     394 |  58.5 |       8 |       1 |  11.1
        D:6 |     610 |     671 |  52.4 |      22 |       9 |  29.0
        D:7 |     556 |     741 |  57.1 |      14 |       2 |  12.5
        D:8 |    2449 |     972 |  28.4 |      34 |      12 |  26.1
        D:9 |    2181 |     162 |   6.9 |      22 |       8 |  26.7
       D:10 |     808 |     506 |  38.5 |       6 |       9 |  60.0
       D:11 |    5383 |       0 |   0.0 |      35 |       0 |   0.0
       D:12 |    5142 |     629 |  10.9 |      25 |       4 |  13.8
       D:13 |    6380 |    7718 |  54.7 |      44 |      30 |  40.5
     Lair:1 |    4575 |     710 |  13.4 |      19 |       1 |   5.0
     Lair:2 |    2379 |    1032 |  30.3 |      14 |       4 |  22.2
     Lair:3 |    3582 |    1517 |  29.8 |      18 |      26 |  59.1
     Lair:4 |   11686 |    1004 |   7.9 |      39 |       5 |  11.4
     Lair:5 |    1883 |       0 |   0.0 |       9 |       0 |   0.0
     Lair:6 |   13293 |    3946 |  22.9 |      37 |       9 |  19.6
      Orc:1 |    5675 |    1677 |  22.8 |      38 |       2 |   5.0
      Orc:2 |    8167 |   12735 |  60.9 |      71 |      41 |  36.6
            +---------+---------+-------+---------+---------+-------
